 Dungeon Crawl Stone Soup version 0.26-a0-651-gb41185065b (webtiles) character file.

Game seed: 13528734437117674895

(classic levelgen) 2548 EnegeticOcto the Cleaver (level 9, 70/82 HPs)
             Began as a Deep Dwarf Fighter on Oct 10, 2020.
             Was an Initiate of Makhleb.
             Quit the game on level 2 of the Abyss.
             The game lasted 00:02:36 (4004 turns).

EnegeticOcto the Cleaver (Deep Dwarf Fighter)       Turns: 4004, Time: 00:02:37

Health: 70/82      AC: 12    Str: 24    XL:     9   Next: 30%
Magic:  6/6        EV:  6    Int:  8    God:    Makhleb [......]
Gold:   321        SH: 11    Dex: 12    Spells: 8/8 levels left

rFire    . . .     SeeInvis .   a - +0 war axe
rCold    . . .     Faith    .   c - +0 kite shield
rNeg     . . .     Spirit   .   s - +0 chain mail
rPois    .         Reflect  .   r - +1 hat
rElec    .         Harm     .   (no cloak)
rCorr    .         Rampage  .   q - +0 pair of gloves
MR       +....                  (no boots)
Stlth    ..........             (no amulet)
HPRegen  0.00/turn              (no ring)
MPRegen  0.10/turn              (no ring)

@: non-regenerating, lightly drained
A: damage resistance, heal wounds, sense surroundings 2, no regeneration
a: Heal Wounds, Renounce Religion


You were on level 2 of the Abyss.
You worshipped Makhleb.
Makhleb was noncommittal.
You visited 2 branches of the dungeon, and saw 9 of its levels.
You visited the Abyss 1 time.

You collected 321 gold pieces.

Inventory:

Hand Weapons
 a - a +0 war axe (weapon)
Armour
 b - a +0 scale mail
 c - a +0 kite shield (worn)
 j - a +0 helmet
 q - a +0 pair of gloves (worn)
 r - a +1 hat (worn)
 s - a +0 chain mail (worn)
Jewellery
 y - an uncursed amulet of the acrobat {unknown}
Wands
 p - a wand of disintegration (8)
Scrolls
 e - 2 scrolls of immolation {unknown}
 f - 8 scrolls of remove curse {unknown}
 i - 2 scrolls of blinking {unknown}
 k - 3 scrolls of identify {unknown}
 l - 5 scrolls of teleportation {unknown}
 o - 2 scrolls of amnesia {unknown}
 v - a scroll of magic mapping {unknown}
 w - a scroll of fear {unknown}
Potions
 d - 2 potions of might {@q3}
 g - 2 potions of curing {unknown}
 h - 2 potions of heal wounds {unknown}
 m - 2 potions of haste {unknown}
 n - 3 potions of cancellation {unknown}
 t - a potion of degeneration {unknown}
 u - a potion of stabbing {unknown}
 x - a potion of lignification {unknown}


   Skills:
 + Level 5.8(5.4) Fighting
 * Level 9.0(8.7) Axes
 + Level 7.0(6.7) Armour
 + Level 7.1(6.7) Shields
 + Level 0.0 Invocations


You had 8 spell levels left.
You didn't know any spells.
Your spell library was empty.

Dungeon Overview and Level Annotations

Branches:
Dungeon (8/15)             Temple (1/1) D:4
   Lair: D:8-11

Altars:
Ashenzari
Cheibriados
Dithmenos
Elyvilon
Fedhas
Hepliaklqana
Kikubaaqudgha
Makhleb
Nemelex Xobeh
Okawaru
Qazlal
Ru
Sif Muna
Trog
Uskayaw
Vehumet
Wu Jian
Xom
Yredelemnul
Zin
The Shining One

Annotations:
D:7 exclusion: door
D:8 Psyche


Innate Abilities, Weirdness & Mutations

You are resistant to damage.
You can heal yourself by infusing magical energy.
You passively map the area around you.
You do not regenerate.


Message History

The scorpion stings you but does no damage.
You closely miss the scorpion.
The scorpion stings you but does no damage.
You slash the scorpion!
The scorpion is heavily wounded.
The scorpion stings you but does no damage.
You hit the scorpion but do no damage.
The scorpion is heavily wounded.
You block the scorpion's attack.
You closely miss the scorpion.
The scorpion is heavily wounded.
You block the scorpion's attack.
You closely miss the scorpion.
The scorpion is heavily wounded.
You block the scorpion's attack.
You barely miss the scorpion.
The scorpion is heavily wounded.
The scorpion stings you but does no damage.
You closely miss the scorpion.
The scorpion is heavily wounded.
You block the scorpion's attack.
The scorpion stings you but does no damage.
You hit the scorpion.
The scorpion is severely wounded.
You block the scorpion's attack.
Search for what [Enter for "mak", or ? for help]?
Okay, then.
You barely miss the scorpion.
The scorpion is severely wounded.
The scorpion stings you but does no damage.
You hit the scorpion.
You kill the scorpion!
There is a stone staircase leading down here.
There is a burning altar of Makhleb here.
You kneel at the altar of Makhleb.
Makhleb welcomes you!
Found a stone staircase leading up.
You feel much better.
You see here a quokka skeleton.
There is an open door here.
Found 14 stones.
Found 19 arrows.
As you open the door, it creaks loudly!
There is an open door here.
Found a shimmering blue altar of Sif Muna.
There is a shimmering blue altar of Sif Muna here.
You open the door. 2 orc wizards come into view.
The orc wizard shouts! x2
The orc wizard suddenly jeers.
Found an engraved book.
Found an escape hatch in the floor.
There are monsters nearby!
There are monsters nearby!
There are monsters nearby!
No reachable target in view!
As you close the door, it creaks loudly!
Press: ? - help, . - travel, g - get item You can't see that place. [Stash: a scale mail] [the floor.] Partly explored, can't reach some places.
Partly explored, can't reach some places.
Partly explored, can't reach some places.
(D) Dungeon (T) Temple
Where to? (Enter - D:7 @ (x,y), ? - help)
There is a shimmering blue altar of Sif Muna here.
There is a stone staircase leading down here.
You climb downwards.
Psyche the Insane Magess comes into view.
She is wielding a +2 dagger of distortion.
Found 15 gold pieces.
There is a stone staircase leading up here.
Evoke which item? (* to show all) (? for menu, Esc to quit)
Aiming: Disintegrate
Press: ? - help, Shift-Dir - straight line, f - Psyche
Aim: Psyche, wielding a +2 dagger of distortion and wearing a +0 robe (chance to defeat MR: 65%) Psyche is blasted.
Psyche laughs secretively.
Psyche begins to cast a cantrip, but forgets the words!
Evoke which item? (* to show all) (? for menu, Esc to quit)
Aiming: Disintegrate
Press: ? - help, Shift-Dir - straight line, f/p - Psyche
Aim: Psyche, wielding a +2 dagger of distortion and wearing a +0 robe (lightly wounded, chance to defeat MR: 65%) Psyche struggles to resist.
You block Psyche's attack.
Evoke which item? (* to show all) (? for menu, Esc to quit)
Aiming: Disintegrate
Press: ? - help, Shift-Dir - straight line, f/p - Psyche
Aim: Psyche, wielding a +2 dagger of distortion and wearing a +0 robe (lightly wounded, chance to defeat MR: 65%) Psyche struggles to resist.
Psyche hits you with a +2 dagger of distortion.
You are cast into the Abyss!
To return, you must find a gate leading back.
Killing monsters will force the Abyss to allow you passage.
This branch contains the abyssal rune of Zot.
Evoke which item? (* to show all) (? for menu, Esc to quit)
Aiming: Disintegrate
Press: ? - help, Shift-Dir - straight line, f - you That would be overly suicidal.
Okay, then.
Unknown command.
Are you sure you want to abandon this character and quit the game? (Confirm with "yes".)

.... ##.#. .
#.#..
#.#.... #
#......##.##
........#..#
...........#
.......@..#
.........##
........##
.#......#
#.......
###...##
#..# ...


There were no monsters in sight!

Vanquished Creatures
  Grinder (D:3)
  A hippogriff (D:7)
  Sigmund (D:4)
  Duvessa (D:4)
  A sky beast (D:3)
  An ice beast (D:5)
  An orc warrior (D:6)
  2 ogres
  A big kobold (D:7)
  A bullfrog (D:7)
  Dowan (D:4)
  A water moccasin zombie (D:6)
  2 scorpions
  4 wights (D:7)
  2 howler monkeys (D:4)
  3 jellies
  2 bullfrog skeletons
  2 centaur skeletons
  3 orc priests
  5 hounds
  An iguana (D:4)
  3 orc wizards
  5 worker ants
  A worker ant zombie (D:6)
  Robin (D:2)
  3 gnolls (D:3)
  8 adders
  A howler monkey skeleton (D:4)
  A shadow imp (D:7)
  2 white imps
  An ufetubus (D:5)
  2 oozes
  An adder zombie (D:6)
  6 worms
  A dart slug (D:2)
  2 leopard geckos
  10 orcs
  2 bats (D:3)
  3 giant cockroaches
  15 goblins
  7 hobgoblins
  2 jackals (D:7)
  3 quokkas
  2 ball pythons
  2 frilled lizards
  9 kobolds
  A quokka zombie (D:5)
  2 rats (D:2)
133 creatures vanquished.

Notes
Turn   | Place    | Note
-------+----------+-------------------------------------------
     0 | D:1      | EnegeticOcto the Deep Dwarf Fighter began the quest for the
                  | Orb.
     0 | D:1      | Reached XP level 1. HP: 20/20 MP: 1/1
   134 | D:2      | Found a hazy altar of Hepliaklqana.
   134 | D:2      | Found a white marble altar of Elyvilon.
   148 | D:2      | Reached XP level 2. HP: 27/27 MP: 2/2
   173 | D:2      | Noticed Robin
   181 | D:2      | Killed Robin
   181 | D:2      | Reached skill level 3 in Axes
   181 | D:2      | Reached XP level 3. HP: 27/34 MP: 3/3
   323 | D:4      | Reached XP level 4. HP: 42/42 MP: 3/3
   455 | D:4      | Reached skill level 4 in Axes
   455 | D:4      | Reached XP level 5. HP: 33/49 MP: 4/4
   469 | D:4      | Noticed Duvessa
   469 | D:4      | Noticed Sigmund
   469 | D:4      | Noticed Dowan
   493 | D:4      | Killed Duvessa
   511 | D:4      | Killed Dowan
   511 | D:4      | Reached XP level 6. HP: 30/57 MP: 4/4
   526 | D:4      | Killed Sigmund
   526 | D:4      | Reached skill level 5 in Axes
   554 | D:4      | Reached XP level 7. HP: 61/64 MP: 5/5
   562 | D:4      | Reached skill level 5 in Shields
   569 | D:4      | Reached skill level 5 in Armour
   572 | D:4      | Reached skill level 6 in Axes
   588 | D:4      | Found a sacrificial altar of Ru.
   657 | D:4      | Found a staircase to the Ecumenical Temple.
   854 | Temple   | Entered the Ecumenical Temple
   952 | D:5      | Entered Level 5 of the Dungeon
  1313 | D:5      | Found an ornate altar of the Wu Jian Council.
  1594 | D:6      | Reached XP level 8. HP: 55/73 MP: 5/5
  1624 | D:6      | Found a blossoming altar of Fedhas.
  1734 | D:6      | Found a blossoming altar of Fedhas.
  1757 | D:6      | Reached skill level 7 in Axes
  1883 | D:6      | Noticed an angel
  1889 | D:6      | Reached skill level 5 in Fighting
  1899 | D:6      | Found a glowing silver altar of Zin.
  1902 | D:6      | Found a shimmering altar of Xom.
  2746 | D:3      | Found a sparkling altar of Nemelex Xobeh.
  2746 | D:3      | Found a broken altar of Ashenzari.
  2756 | D:3      | Found an ancient bone altar of Kikubaaqudgha.
  2759 | D:3      | Found a snail-covered altar of Cheibriados.
  2924 | D:3      | Reached skill level 8 in Axes
  3025 | D:3      | Noticed Grinder
  3035 | D:3      | Killed Grinder
  3283 | D:7      | Noticed a hippogriff
  3301 | D:7      | Killed a hippogriff
  3301 | D:7      | Gained mutation: You passively map the area around you.
                  | [Deep Dwarf growth]
  3301 | D:7      | Reached XP level 9. HP: 57/81 MP: 6/6
  3469 | D:7      | Reached skill level 9 in Axes
  3574 | D:7      | Found a burning altar of Makhleb.
  3674 | D:7      | Became a worshipper of Makhleb the Destroyer
  3967 | D:7      | Found a shimmering blue altar of Sif Muna.
  4000 | D:8      | Noticed Psyche
  4003 | D:8      | Cast into level 2 of the Abyss (Psyche)
  4004 | Abyss:2  | Quit the game

Illustrated notes

Levels and vault maps discovered:
D:1:      shiori_arrival_elements, layout_basic
D:2:      layout_loops_ring, grunt_temple_overflow_open, uniq_robin
D:3:      layout_basic, minitemple, uniq_grinder
D:4:      layout_basic, old_standard_altar, minmay_temple_entry_offerings,
          uniq_duvessa, uniq_sigmund
D:5:      layout_layer_cave, lemuel_round_altar
D:6:      layout_loops_ring, grunt_temple_overflow_order_and_chaos_1,
          lemuel_crystal_altar, basic_altar
D:7:      layout_basic, old_standard_altar, led_sif_book
D:8:      layout_loops_ring, uniq_psyche
Temple:   jpeg_temple_island
Abyss:2:  base: D:5, evilmike_abyss_exit_glass

Skill      XL: |  1  2  3  4  5  6  7  8  9 |
---------------+----------------------------+-----
Fighting       | 3 4 5 |  5.8
Axes           | 3 4 5 6 8 9 |  9.0
Shields        | 4 5 6 7 |  7.1
Armour         | 4 5 6 7 |  7.0

Action                   |  1- 3 |  4- 6 |  7- 9 || total
-------------------------+-------+-------+-------++-------
Melee: War axe           |    77 |    97 |   345 ||   519
 Abil: Heal Wounds       |     2 |    10 |     8 ||    20
Evoke: Wand              |       |       |     3 ||     3
Armor: Scale mail        |    47 |    47 |    56 ||   150
       Chain mail        |       |       |    73 ||    73
Dodge: Dodged            |    42 |    28 |    96 ||   166
Block: Kite shield       |    45 |    50 |   218 ||   313

Table legend: (Time is in decaauts)
 A = Elapsed time spent in this place.
 B = Non-inter-level travel time spent in this place.
 C = Inter-level travel time spent in this place.
 D = Time resting spent in this place.
 E = Time spent auto-exploring this place.
 F = Levels seen in this place.
 G = Mean time per level.
                   A        B        C        D        E       F      G
               +--------+--------+--------+--------+--------+-----+--------+
         Total |   4146 |   3791 |    355 |      0 |   2776 |  10 |  414.6 |
       Dungeon |   4068 |   3729 |    339 |      0 |   2728 |   8 |  508.5 |
        Temple |     77 |     61 |     16 |      0 |     48 |   1 |   77.0 |
         Abyss |      0 |      0 |      0 |      0 |      0 |   1 |    0.0 |
               +--------+--------+--------+--------+--------+-----+--------+

Top non-repeatable levels by time:
     D:7: 728 daAuts
     D:6: 704 daAuts
     D:4: 662 daAuts
     D:5: 650 daAuts
     D:2: 630 daAuts
     D:3: 604 daAuts
     D:1: 83 daAuts
  Temple: 77 daAuts
     D:8: 2 daAuts
 Abyss:2: 0 daAuts
